Sharks vs Predators
Created - 4 décembre 2016 at 19:05
Goals
|
Sharks |
2 |
1 |
1 |
4 |
Predators |
1 |
1 |
0 |
2 |
|
Shots
|
Sharks |
20 |
13 |
9 |
42 |
Predators |
4 |
9 |
12 |
25 |
|
1st period
1. Sharks , Mike Green 6 (Antoine Vermette, Andrej Sekera) at 4:32
2. Sharks , Mark Streit 1 (David Legwand, Brad Boyes) at 5:06
3. Predators , Ryan Kesler 12 (Adam Burish, Alexander Ovechkin) at 15:30 (PP)
Penalties :
Andy Miele (Nas) for Cross-checking (Minor) at 3:21, Kevin Shattenkirk (SJS) for Cross-checking (Minor) at 3:44, Cal Clutterbuck (SJS) for Unsportsmanlike conduct (Minor) at 15:17
2nd period
4. Sharks , David Legwand 13 (Kevin Shattenkirk, Mike Green) at 1:15
5. Predators , Alexander Ovechkin 10 (Adam Burish, Ryan Kesler) at 18:49 (PP)
Penalties :
Alexander Edler (Nas) for Interference (Minor) at 1:18, Cal Clutterbuck (SJS) for Tripping (Minor) at 5:55, James Van Riemsdyk (Nas) for Tripping (Minor) at 12:56, Barret Jackman (Nas) for Slashing (Minor) at 15:49, Steve McCarthy (SJS) for Holding (Minor) at 18:43
3rd period
6. Sharks , Brad Boyes 15 (Kevin Shattenkirk, David Legwand) at 0:10
Penalties :
Cal Clutterbuck (SJS) for Hooking (Minor) at 4:01, Cal Clutterbuck (SJS) for High sticking (Minor) at 17:36
Goalie Stats
Cam Ward (SJS), 23 saves from 25 shots - (0,920), W, 9-7-2, 60:00 minutes
Steve Mason (Nas), 30 saves from 34 shots - (0,882), L, 4-4-1, 40:10 minutes
Maxime Daigneault (Nas), 8 saves from 8 shots - (1,000), 19:50 minutes
Players Stats for Sharks
Player Name G A P +/- PIM S H SB GA TA FO MP PP MP PK MP
------------------------------------------------------------------------------------
Andrej Sekera 0 1 1 1 0 0 0 0 0 0 0/0 12:35 0:00 0:23
Antoine Vermette 0 1 1 1 0 6 3 0 0 0 11/23 17:03 2:36 2:01
Boris Valabik 0 0 0 0 0 0 0 1 0 0 0/0 10:18 0:00 0:00
Brad Boyes 1 1 2 3 0 4 1 0 1 0 2/2 20:15 3:30 0:15
Cal Clutterbuck 0 0 0 0 8 3 2 0 1 1 0/0 15:23 2:36 0:14
David Legwand 1 2 3 3 0 3 2 1 0 1 19/31 20:32 3:30 0:34
Derek Boogaard 0 0 0 2 0 3 3 1 0 0 0/1 22:13 3:37 3:37
Greg Campbell 0 0 0 0 0 1 1 1 0 0 8/13 13:11 0:00 4:04
Kevin Shattenkirk 0 2 2 2 2 3 2 1 2 0 0/0 28:49 4:02 3:48
Mark Streit 1 0 1 1 0 2 2 2 2 0 0/0 19:39 2:17 2:28
Martin Erat 0 0 0 0 0 1 1 0 0 0 0/1 8:03 0:00 0:00
Mike Green 1 1 2 3 0 7 3 3 3 0 0/0 30:12 4:03 4:11
Oskar Osala 0 0 0 0 0 2 1 0 1 0 0/1 8:03 0:00 0:00
Patrick O'Sullivan 0 0 0 0 0 2 1 0 0 0 0/0 9:53 0:14 0:00
Ryane Clowe 0 0 0 1 0 2 2 0 2 0 1/1 17:24 2:36 2:14
Steve McCarthy 0 0 0 1 2 0 1 0 0 1 0/0 19:29 2:17 2:28
T.J. Hensick 0 0 0 0 0 3 0 0 1 0 2/3 8:56 0:00 0:00
Tuomo Ruutu 0 0 0 0 0 0 0 0 0 0 1/1 9:41 0:21 0:19
Players Stats for Predators
Player Name G A P +/- PIM S H SB GA TA FO MP PP MP PK MP
------------------------------------------------------------------------------------
Adam Burish 0 2 2 -2 0 3 1 0 0 0 1/3 18:16 3:23 1:30
Alexander Edler 0 0 0 -2 2 0 3 1 1 5 0/0 28:03 3:26 2:47
Alexander Ovechkin 1 1 2 -3 0 4 3 1 0 0 1/4 21:40 3:46 2:15
Alexander Steen 0 0 0 -1 0 1 3 0 0 0 0/1 13:01 0:00 0:17
Andy Miele 0 0 0 0 2 1 0 0 0 0 1/2 9:06 0:23 0:00
Barret Jackman 0 0 0 0 2 0 0 1 0 1 0/0 11:30 0:00 0:30
Brett Clark 0 0 0 0 0 1 0 0 0 0 0/0 13:10 0:00 2:37
Christian Ehrhoff 0 0 0 -2 0 1 1 2 0 0 0/0 17:50 3:13 0:00
David Jones 0 0 0 0 0 3 0 1 0 1 0/1 14:32 0:00 1:12
Eric Nystrom 0 0 0 0 0 0 1 0 0 1 0/0 11:34 0:00 3:42
Frans Nielsen 0 0 0 -1 0 2 1 0 0 1 6/16 16:14 2:53 0:15
James Van Riemsdyk 0 0 0 0 2 1 1 0 0 0 0/0 13:05 2:53 0:00
John Moore 0 0 0 -2 0 2 0 3 0 3 0/0 20:24 3:13 2:30
Kris Vernarsky 0 0 0 0 0 1 0 0 0 0 3/6 11:03 1:07 0:00
Michael Grabner 0 0 0 0 0 0 0 0 0 0 0/0 10:00 1:46 0:00
Ryan Kesler 1 1 2 -3 0 3 1 1 2 0 21/43 23:18 3:46 3:29
Ryan Mcdonagh 0 0 0 -2 0 0 3 5 0 1 0/0 29:29 3:26 4:16
Shane Doan 0 0 0 0 0 2 1 0 0 0 0/1 9:45 0:00 0:00
3 Stars
1 - David Legwand (SJS)
2 - Mike Green (SJS)
3 - Brad Boyes (SJS)
Power Play
Sharks - 0 on 4 Attempt(s) - 0,00%
Predators - 2 on 6 Attempt(s) - 33,33%
Penalty Kill
Sharks - 4 on 6 Attempt(s) - 66,67%
- Score 0 goal in Penalty Kill
Predators - 4 on 4 Attempt(s) - 100,00%
- Score 0 goal in Penalty Kill
Team Stat
Sharks - Hits : 25 - Faceoff Wins : 44 - Blocked Shots : 10 - Penalty Minutes : 12
Predators - Hits : 19 - Faceoff Wins : 33 - Blocked Shots : 15 - Penalty Minutes : 8
Official
Referees : Meier Brad and StPierre Justin
Linesman : Vaughan Rody and Andy McElman
Game Notes
Maxime Daigneault enters game at 0:10 of 3rd period
Finance
Level 1 -- Attendance: 5831 (97,18%) -- Ticket Income 495 635 $
Level 2 -- Attendance: 4999 (99,98%) -- Ticket Income 249 950 $
Level 3 -- Attendance: 1868 (93,40%) -- Ticket Income 56 040 $
Level 4 -- Attendance: 3213 (80,33%) -- Ticket Income 77 112 $
Luxury Box -- Attendance: 762 (76,20%) -- Ticket Income 133 350 $
Game was played at the Wildcat center.
Total Attendance: 16673 (92,63%)
Total Ticket Income: 1 012 087 $
Other Income: 151 813 $
Total Income: 1 163 900 $
Sharks
5 vs 5 Forward
Center Left Wing Right Wing Time % Phy DF OF
1 David Legwand Derek Boogaard Brad Boyes 40 3 1 1
2 Antoine Vermette Ryane Clowe Cal Clutterbuck 30 3 1 1
3 Greg Campbell Oskar Osala Martin Erat 20 3 1 1
4 T.J. Hensick Tuomo Ruutu Patrick O'Sullivan 10 3 1 1
5 vs 5 Defense
Defense Defense Time % Phy DF OF
1 Mike Green Kevin Shattenkirk 40 3 1 1
2 Steve McCarthy Mark Streit 30 3 1 1
3 Andrej Sekera Boris Valabik 20 3 1 1
4 Mike Green Kevin Shattenkirk 10 3 1 1
PowerPlay Forward
Center Left Wing Right Wing Time % Phy DF OF
1 David Legwand Derek Boogaard Brad Boyes 60 0 2 3
2 Antoine Vermette Ryane Clowe Cal Clutterbuck 40 0 2 3
PowerPlay Defense
Defense Defense Time % Phy DF OF
1 Mike Green Kevin Shattenkirk 60 1 1 3
2 Steve McCarthy Mark Streit 40 1 1 3
Penalty Kill 4 Players Forward
Center Wing Time % Phy DF OF
1 Greg Campbell Cal Clutterbuck 60 2 3 0
2 Derek Boogaard Antoine Vermette 40 2 3 0
Penalty Kill 4 Players Defense
Defense Defense Time % Phy DF OF
1 Mike Green Kevin Shattenkirk 60 2 3 0
2 Steve McCarthy Mark Streit 40 2 3 0
Penalty Kill - 3 Players Forward
Forward Time % Phy DF OF
1 Greg Campbell 60 2 3 0
2 Tuomo Ruutu 40 2 3 0
Penalty Kill - 3 Players Defense
Defense Defense Time % Phy DF OF
1 Mike Green Kevin Shattenkirk 60 2 3 0
2 Steve McCarthy Mark Streit 40 2 3 0
4 vs 4 Forward
Center Wing Time % Phy DF OF
1 David Legwand Brad Boyes 60 3 1 1
2 Ryane Clowe Antoine Vermette 40 3 1 1
4 vs 4 Defense
Defense Defense Time % Phy DF OF
1 Mike Green Kevin Shattenkirk 60 3 1 1
2 Steve McCarthy Mark Streit 40 3 1 1
Last Minutes Offensive
Center Left Wing Right Wing Defense Defense
David Legwand Derek Boogaard Brad Boyes Mike Green Kevin Shattenkirk
Last Minutes Defensive
Center Left Wing Right Wing Defense Defense
David Legwand Ryane Clowe Brad Boyes Mike Green Kevin Shattenkirk
Goaltenders
Starting : Cam Ward
Backup : Mike Brodeur
Extra Forwards
Normal : Ryane Clowe, Patrick O'Sullivan, Greg Campbell - PP : Tuomo Ruutu, Patrick O'Sullivan - PK : Greg Campbell
Extra Defensemen
Normal : Andrej Sekera, Boris Valabik, Steve McCarthy - PP : Andrej Sekera - PK : Boris Valabik, Steve McCarthy
Penalty Shots
Tuomo Ruutu, Brad Boyes, Greg Campbell, T.J. Hensick, Antoine Vermette
Predators
5 vs 5 Forward
Center Left Wing Right Wing Time % Phy DF OF
1 Ryan Kesler Alexander Ovechkin Adam Burish 39 1 1 3
2 Frans Nielsen Alexander Steen David Jones 29 1 2 2
3 Kris Vernarsky James Van Riemsdyk Shane Doan 20 1 2 2
4 Andy Miele Eric Nystrom Michael Grabner 12 1 2 2
5 vs 5 Defense
Defense Defense Time % Phy DF OF
1 Ryan Mcdonagh Alexander Edler 40 1 2 2
2 Christian Ehrhoff John Moore 30 1 2 2
3 Barret Jackman Brett Clark 20 1 2 2
4 Alexander Edler Ryan Mcdonagh 10 1 2 2
PowerPlay Forward
Center Left Wing Right Wing Time % Phy DF OF
1 Ryan Kesler Alexander Ovechkin Adam Burish 60 1 0 4
2 Frans Nielsen James Van Riemsdyk Michael Grabner 40 1 0 4
PowerPlay Defense
Defense Defense Time % Phy DF OF
1 Ryan Mcdonagh Alexander Edler 60 1 1 3
2 Christian Ehrhoff John Moore 40 1 1 3
Penalty Kill 4 Players Forward
Center Wing Time % Phy DF OF
1 Ryan Kesler Eric Nystrom 60 1 2 2
2 Alexander Ovechkin Adam Burish 40 1 2 2
Penalty Kill 4 Players Defense
Defense Defense Time % Phy DF OF
1 Alexander Edler Ryan Mcdonagh 60 2 2 1
2 John Moore Brett Clark 40 1 3 1
Penalty Kill - 3 Players Forward
Forward Time % Phy DF OF
1 Eric Nystrom 60 1 3 1
2 Frans Nielsen 40 1 3 1
Penalty Kill - 3 Players Defense
Defense Defense Time % Phy DF OF
1 Alexander Edler Ryan Mcdonagh 60 2 3 0
2 John Moore Brett Clark 40 1 4 0
4 vs 4 Forward
Center Wing Time % Phy DF OF
1 Ryan Kesler Alexander Ovechkin 60 1 2 2
2 Frans Nielsen Alexander Steen 40 1 2 2
4 vs 4 Defense
Defense Defense Time % Phy DF OF
1 Alexander Edler Ryan Mcdonagh 60 1 2 2
2 Christian Ehrhoff John Moore 40 1 2 2
Last Minutes Offensive
Center Left Wing Right Wing Defense Defense
Ryan Kesler Alexander Ovechkin Michael Grabner Alexander Edler Ryan Mcdonagh
Last Minutes Defensive
Center Left Wing Right Wing Defense Defense
Ryan Kesler Eric Nystrom Frans Nielsen Ryan Mcdonagh Brett Clark
Goaltenders
Starting : Steve Mason
Backup : Maxime Daigneault
Extra Forwards
Normal : Adam Burish, Kris Vernarsky, David Jones - PP : Adam Burish, Kris Vernarsky - PK : David Jones
Extra Defensemen
Normal : Barret Jackman, John Moore, Brett Clark - PP : Barret Jackman - PK : John Moore, Brett Clark
Penalty Shots
Alexander Ovechkin, Michael Grabner, James Van Riemsdyk, Shane Doan, David Jones
% Time on Ice - Sharks
Lines # - Real PCT - Wanted PCT - Time Play
Normal Forward
1 - 37% - 40% - 16:51
2 - 26% - 30% - 11:35
3 - 18% - 20% - 8:03
4 - 20% - 10% - 8:56
Normal Defense
1 - 41% - 40% - 18:25
2 - 32% - 30% - 14:29
3 - 23% - 20% - 10:18
4 - 5% - 10% - 2:13
PP Forward
1 - 59% - 60% - 3:44
2 - 41% - 40% - 2:36
PP Defense
1 - 64% - 60% - 4:03
2 - 36% - 40% - 2:17
PK Forward
1 - 100% - 60% - 6:39
2 - 0% - 40% - 0:00
PK Defense
1 - 63% - 60% - 4:11
2 - 37% - 40% - 2:28
PK3 Forward
1 - 0% - 60%
2 - 0% - 40%
PK3 Defense
1 - 0% - 60%
2 - 0% - 40%
44 Forward
1 - 88% - 60% - 1:24
2 - 13% - 40% - 0:12
44 Defense
1 - 83% - 60% - 1:20
2 - 17% - 40% - 0:16
Last Minute Offensive - 0:00
Last Minute Defensive - 0:00
Total
Forward - 60:00
Defense - 60:00
|
% Time on Ice - Predators
Lines # - Real PCT - Wanted PCT - Time Play
Normal Forward
1 - 33% - 39% - 15:00
2 - 29% - 29% - 13:00
3 - 21% - 20% - 9:45
4 - 17% - 12% - 7:40
Normal Defense
1 - 42% - 40% - 18:55
2 - 32% - 30% - 14:21
3 - 23% - 20% - 10:33
4 - 4% - 10% - 1:36
PP Forward
1 - 57% - 60% - 3:46
2 - 43% - 40% - 2:53
PP Defense
1 - 52% - 60% - 3:26
2 - 48% - 40% - 3:13
PK Forward
1 - 76% - 60% - 4:50
2 - 24% - 40% - 1:30
PK Defense
1 - 70% - 60% - 4:25
2 - 30% - 40% - 1:55
PK3 Forward
1 - 0% - 60%
2 - 0% - 40%
PK3 Defense
1 - 0% - 60%
2 - 0% - 40%
44 Forward
1 - 86% - 60% - 1:23
2 - 14% - 40% - 0:13
44 Defense
1 - 83% - 60% - 1:20
2 - 17% - 40% - 0:16
Last Minute Offensive - 0:00
Last Minute Defensive - 0:00
Total
Forward - 60:00
Defense - 60:00
|
Play by Play
1st period
0:01 of 1st period - Ryan Kesler wins face-off versus Derek Boogaard in neutral zone.
0:26 of 1st period - David Jones is hit by Antoine Vermette.
0:52 of 1st period - Steve McCarthy is hit by Christian Ehrhoff and loses puck.
1:14 of 1st period - Icing by Boris Valabik.
1:15 of 1st period - T.J. Hensick wins face-off versus Ryan Kesler in Sharks zone.
1:42 of 1st period - Andrej Sekera is hit by Alexander Steen and loses puck.
2:04 of 1st period - Off-side.
2:05 of 1st period - Antoine Vermette wins face-off versus Kris Vernarsky in neutral zone.
2:30 of 1st period - Ryan Mcdonagh is hit by Derek Boogaard and loses puck.
2:55 of 1st period - Wrist shot by Oskar Osala.
2:55 of 1st period - Stopped by Steve Mason with a rebound.
3:09 of 1st period - Steve McCarthy is hit by Alexander Steen and loses puck.
3:21 of 1st period - Minor Penalty to Andy Miele for Cross-checking.
3:22 of 1st period - Brad Boyes wins face-off versus Ryan Kesler in Predators zone.
3:37 of 1st period - Ryan Mcdonagh is hit by Derek Boogaard and loses puck.
3:44 of 1st period - Minor Penalty to Kevin Shattenkirk for Cross-checking.
3:45 of 1st period - David Legwand wins face-off versus Ryan Kesler in Sharks zone.
4:00 of 1st period - Snap shot by Brad Boyes.
4:00 of 1st period - Stopped by Steve Mason without a rebound.
4:01 of 1st period - David Legwand wins face-off versus Alexander Ovechkin in Predators zone.
4:16 of 1st period - Wrist shot by Alexander Ovechkin.
4:16 of 1st period - Deflect By Ryan Kesler.
4:16 of 1st period - Deflect By Brad Boyes.
4:16 of 1st period - Stopped by Cam Ward with a rebound.
4:32 of 1st period - Backhand shot by Mike Green.
4:32 of 1st period - Goal by Mike Green - Sharks : 1 - Predators : 0.
4:33 of 1st period - David Legwand wins face-off versus Ryan Kesler in neutral zone.
4:36 of 1st period - Slapshot by Mike Green.
4:36 of 1st period - Deflect By Ryan Kesler.
4:36 of 1st period - Stopped by Steve Mason without a rebound.
4:37 of 1st period - Brad Boyes wins face-off versus Alexander Ovechkin in Predators zone.
4:50 of 1st period - Wrist shot by Mike Green.
4:50 of 1st period - Stopped by Steve Mason without a rebound.
4:51 of 1st period - Ryan Kesler wins face-off versus David Legwand in Predators zone.
5:04 of 1st period - Snap shot by David Legwand.
5:04 of 1st period - Shot Misses the Net.
5:06 of 1st period - Wrist shot by Mark Streit.
5:06 of 1st period - Goal by Mark Streit - Sharks : 2 - Predators : 0.
5:07 of 1st period - Ryan Kesler wins face-off versus David Legwand in neutral zone.
5:21 of 1st period - Penalty to Andy Miele is over, Andy Miele is back on ice.
5:32 of 1st period - Snap shot by Alexander Ovechkin.
5:32 of 1st period - Shot Misses the Net.
5:44 of 1st period - Penalty to Kevin Shattenkirk is over, Kevin Shattenkirk is back on ice.
5:46 of 1st period - Mike Green is hit by Alexander Ovechkin.
6:47 of 1st period - Slapshot by Alexander Ovechkin.
6:47 of 1st period - Deflect By Andy Miele.
6:47 of 1st period - Shot Misses the Net.
6:47 of 1st period - Puck is out of play.
6:48 of 1st period - David Legwand wins face-off versus Frans Nielsen in Sharks zone.
7:13 of 1st period - James Van Riemsdyk is hit by Mark Streit and loses puck.
7:20 of 1st period - Snap shot by T.J. Hensick.
7:20 of 1st period - Stopped by Steve Mason with a rebound.
7:24 of 1st period - Backhand shot by T.J. Hensick.
7:24 of 1st period - Shot Misses the Net.
8:10 of 1st period - Barret Jackman is hit by Antoine Vermette and loses puck.
8:17 of 1st period - Slapshot by Antoine Vermette.
8:17 of 1st period - Deflect By Patrick O'Sullivan.
8:17 of 1st period - Shot Misses the Net.
8:17 of 1st period - Puck is out of play.
8:18 of 1st period - David Legwand wins face-off versus Alexander Steen in Predators zone.
8:23 of 1st period - Snap shot by David Legwand.
8:23 of 1st period - Shot Blocked by John Moore.
8:25 of 1st period - Slapshot by Kevin Shattenkirk.
8:25 of 1st period - Stopped by Steve Mason with a rebound.
8:27 of 1st period - Wrist shot by Brad Boyes.
8:27 of 1st period - Shot Misses the Net.
8:29 of 1st period - Snap shot by Kevin Shattenkirk.
8:29 of 1st period - Shot Misses the Net.
8:31 of 1st period - Wrist shot by David Legwand.
8:31 of 1st period - Shot Blocked by John Moore.
9:06 of 1st period - Ryan Mcdonagh is hit by Ryane Clowe and loses puck.
9:21 of 1st period - Ryan Mcdonagh is hit by Steve McCarthy.
9:36 of 1st period - Kevin Shattenkirk is hit by Alexander Ovechkin and loses puck.
9:49 of 1st period - Derek Boogaard is hit by Eric Nystrom and loses puck.
10:06 of 1st period - Brett Clark is hit by Cal Clutterbuck and loses puck.
10:35 of 1st period - David Jones is hit by Patrick O'Sullivan and loses puck.
11:09 of 1st period - Wrist shot by Cal Clutterbuck.
11:09 of 1st period - Deflect By Ryan Mcdonagh.
11:09 of 1st period - Stopped by Steve Mason with a rebound.
11:29 of 1st period - Shane Doan is hit by Mike Green and loses puck.
11:48 of 1st period - Off-side.
11:49 of 1st period - Greg Campbell wins face-off versus Frans Nielsen in neutral zone.
12:14 of 1st period - Snap shot by Eric Nystrom.
12:14 of 1st period - Shot Misses the Net.
12:16 of 1st period - Slapshot by Alexander Edler.
12:16 of 1st period - Shot Misses the Net.
12:18 of 1st period - Wrist shot by Andy Miele.
12:18 of 1st period - Stopped by Cam Ward without a rebound.
12:19 of 1st period - Antoine Vermette wins face-off versus Ryan Kesler in Sharks zone.
12:45 of 1st period - Ryan Mcdonagh is hit by David Legwand and loses puck.
12:50 of 1st period - Snap shot by David Legwand.
12:50 of 1st period - Stopped by Steve Mason with a rebound.
13:05 of 1st period - Off-side.
13:06 of 1st period - Andy Miele wins face-off versus Oskar Osala in neutral zone.
13:09 of 1st period - Snap shot by Eric Nystrom.
13:09 of 1st period - Shot Blocked by Greg Campbell.
13:15 of 1st period - Snap shot by Mike Green.
13:15 of 1st period - Deflect By Martin Erat.
13:15 of 1st period - Shot Blocked by John Moore.
13:15 of 1st period - Puck is out of play.
13:16 of 1st period - Ryan Kesler wins face-off versus Antoine Vermette in Predators zone.
13:31 of 1st period - Slapshot by Mike Green.
13:31 of 1st period - Stopped by Steve Mason without a rebound.
13:32 of 1st period - David Legwand wins face-off versus Frans Nielsen in Predators zone.
13:37 of 1st period - Wrist shot by David Legwand.
13:37 of 1st period - Stopped by Steve Mason without a rebound.
13:38 of 1st period - David Legwand wins face-off versus Frans Nielsen in Predators zone.
13:52 of 1st period - David Legwand is hit by Alexander Steen and loses puck.
14:29 of 1st period - Snap shot by David Legwand.
14:29 of 1st period - Shot Blocked by Ryan Mcdonagh.
14:31 of 1st period - Slapshot by Mike Green.
14:31 of 1st period - Stopped by Steve Mason with a rebound.
14:33 of 1st period - Slapshot by Kevin Shattenkirk.
14:33 of 1st period - Shot Blocked by David Jones.
14:35 of 1st period - Wrist shot by Derek Boogaard.
14:35 of 1st period - Shot Misses the Net.
14:37 of 1st period - Wrist shot by Derek Boogaard.
14:37 of 1st period - Stopped by Steve Mason with a rebound.
15:01 of 1st period - Icing by Ryan Mcdonagh.
15:02 of 1st period - Frans Nielsen wins face-off versus Antoine Vermette in Predators zone.
15:09 of 1st period - Ryane Clowe is hit by Alexander Edler and loses puck.
15:17 of 1st period - Minor Penalty to Cal Clutterbuck for Unsportsmanlike conduct.
15:18 of 1st period - Adam Burish wins face-off versus Greg Campbell in Sharks zone.
15:30 of 1st period - Wrist shot by Ryan Kesler.
15:30 of 1st period - Goal by Ryan Kesler - Sharks : 2 - Predators : 1.
15:31 of 1st period - Antoine Vermette wins face-off versus Ryan Kesler in neutral zone.
15:36 of 1st period - Wrist shot by Antoine Vermette.
15:36 of 1st period - Stopped by Steve Mason with a rebound.
15:38 of 1st period - Slapshot by Steve McCarthy.
15:38 of 1st period - Shot Blocked by Christian Ehrhoff.
15:40 of 1st period - Slapshot by Mark Streit.
15:40 of 1st period - Shot Blocked by Ryan Kesler.
15:42 of 1st period - Slapshot by Mark Streit.
15:42 of 1st period - Shot Blocked by Alexander Ovechkin.
15:46 of 1st period - Snap shot by Antoine Vermette.
15:46 of 1st period - Stopped by Steve Mason without a rebound.
15:47 of 1st period - Kris Vernarsky wins face-off versus Greg Campbell in Predators zone.
15:54 of 1st period - Mike Green is hit by Alexander Edler and loses puck.
16:01 of 1st period - Slapshot by Kevin Shattenkirk.
16:01 of 1st period - Stopped by Steve Mason without a rebound.
16:02 of 1st period - Antoine Vermette wins face-off versus Ryan Kesler in Predators zone.
16:02 of 1st period - Mark Streit is hit by Alexander Edler and loses puck.
16:09 of 1st period - Snap shot by Mark Streit.
16:09 of 1st period - Stopped by Steve Mason without a rebound.
16:10 of 1st period - Ryan Kesler wins face-off versus Antoine Vermette in Predators zone.
16:19 of 1st period - Ryan Mcdonagh is hit by Cal Clutterbuck and loses puck.
17:02 of 1st period - Snap shot by Cal Clutterbuck.
17:02 of 1st period - Shot Hit the Post.
17:06 of 1st period - Wrist shot by Antoine Vermette.
17:06 of 1st period - Stopped by Steve Mason without a rebound.
17:07 of 1st period - Kris Vernarsky wins face-off versus David Legwand in Predators zone.
17:07 of 1st period - Kris Vernarsky is hit by David Legwand.
17:41 of 1st period - John Moore is hit by Greg Campbell and loses puck.
17:58 of 1st period - Snap shot by David Jones.
17:58 of 1st period - Stopped by Cam Ward without a rebound.
17:59 of 1st period - Frans Nielsen wins face-off versus T.J. Hensick in Sharks zone.
19:20 of 1st period - Wrist shot by T.J. Hensick.
19:20 of 1st period - Shot Misses the Net.
19:22 of 1st period - Snap shot by T.J. Hensick.
19:22 of 1st period - Stopped by Steve Mason without a rebound.
19:23 of 1st period - David Legwand wins face-off versus Ryan Kesler in Predators zone.
19:43 of 1st period - Derek Boogaard is hit by Ryan Mcdonagh and loses puck.
Goals for this period are 2 for Sharks vs 1 for Predators.
Shots for this period are 20 for Sharks vs 4 for Predators.
2nd period
0:01 of 2nd period - David Legwand wins face-off versus Ryan Kesler in neutral zone.
0:09 of 2nd period - Wrist shot by David Legwand.
0:09 of 2nd period - Deflect By Brad Boyes.
0:09 of 2nd period - Stopped by Steve Mason without a rebound.
0:10 of 2nd period - David Legwand wins face-off versus Ryan Kesler in Predators zone.
0:40 of 2nd period - Alexander Ovechkin is hit by Derek Boogaard and loses puck.
1:11 of 2nd period - Snap shot by David Legwand.
1:11 of 2nd period - Shot Blocked by Christian Ehrhoff.
1:13 of 2nd period - Slapshot by Mike Green.
1:13 of 2nd period - Stopped by Steve Mason with a rebound.
1:15 of 2nd period - Wrist shot by Kevin Shattenkirk.
1:15 of 2nd period - Deflect By David Legwand.
1:15 of 2nd period - Goal by David Legwand - Sharks : 3 - Predators : 1.
1:16 of 2nd period - Kris Vernarsky wins face-off versus Antoine Vermette in neutral zone.
1:18 of 2nd period - Minor Penalty to Alexander Edler for Interference.
1:19 of 2nd period - Antoine Vermette wins face-off versus Ryan Kesler in Predators zone.
3:18 of 2nd period - Penalty to Alexander Edler is over, Alexander Edler is back on ice.
3:21 of 2nd period - Icing by John Moore.
3:22 of 2nd period - Frans Nielsen wins face-off versus Martin Erat in Predators zone.
3:33 of 2nd period - Backhand shot by Greg Campbell.
3:33 of 2nd period - Shot Misses the Net.
5:10 of 2nd period - Slapshot by Antoine Vermette.
5:10 of 2nd period - Stopped by Steve Mason with a rebound.
5:32 of 2nd period - Slapshot by Adam Burish.
5:32 of 2nd period - Stopped by Cam Ward without a rebound.
5:33 of 2nd period - Ryan Kesler wins face-off versus David Legwand in Sharks zone.
5:40 of 2nd period - Slapshot by Ryan Kesler.
5:40 of 2nd period - Shot Blocked by Mike Green.
5:42 of 2nd period - Slapshot by Alexander Edler.
5:42 of 2nd period - Shot Misses the Net.
5:44 of 2nd period - Snap shot by Adam Burish.
5:44 of 2nd period - Stopped by Cam Ward without a rebound.
5:45 of 2nd period - Antoine Vermette wins face-off versus Adam Burish in Sharks zone.
5:55 of 2nd period - Minor Penalty to Cal Clutterbuck for Tripping.
5:56 of 2nd period - Ryan Kesler wins face-off versus Greg Campbell in Sharks zone.
6:33 of 2nd period - Slapshot by James Van Riemsdyk.
6:33 of 2nd period - Shot Blocked by Mike Green.
6:58 of 2nd period - Frans Nielsen is hit by Antoine Vermette and loses puck.
7:55 of 2nd period - Penalty to Cal Clutterbuck is over, Cal Clutterbuck is back on ice.
8:39 of 2nd period - Barret Jackman is hit by Ryane Clowe and loses puck.
9:01 of 2nd period - Icing by Steve McCarthy.
9:02 of 2nd period - T.J. Hensick wins face-off versus Kris Vernarsky in Sharks zone.
9:18 of 2nd period - Icing by Brad Boyes.
9:19 of 2nd period - Ryane Clowe wins face-off versus Frans Nielsen in Sharks zone.
9:26 of 2nd period - Snap shot by Antoine Vermette.
9:26 of 2nd period - Shot Blocked by Ryan Mcdonagh.
9:28 of 2nd period - Snap shot by Cal Clutterbuck.
9:28 of 2nd period - Stopped by Steve Mason without a rebound.
9:29 of 2nd period - Ryan Kesler wins face-off versus David Legwand in Predators zone.
9:29 of 2nd period - Ryan Kesler is hit by Mike Green.
9:44 of 2nd period - Off-side.
9:45 of 2nd period - Antoine Vermette wins face-off versus Kris Vernarsky in neutral zone.
10:59 of 2nd period - Slapshot by Patrick O'Sullivan.
10:59 of 2nd period - Stopped by Steve Mason without a rebound.
11:00 of 2nd period - David Legwand wins face-off versus Ryan Kesler in Predators zone.
11:11 of 2nd period - Slapshot by Derek Boogaard.
11:11 of 2nd period - Stopped by Steve Mason without a rebound.
11:12 of 2nd period - Ryan Kesler wins face-off versus Antoine Vermette in Predators zone.
11:23 of 2nd period - Slapshot by Ryan Kesler.
11:23 of 2nd period - Shot Misses the Net.
11:39 of 2nd period - David Legwand is hit by Shane Doan and loses puck.
11:44 of 2nd period - Wrist shot by James Van Riemsdyk.
11:44 of 2nd period - Shot Blocked by Derek Boogaard.
11:46 of 2nd period - Snap shot by Shane Doan.
11:46 of 2nd period - Shot Blocked by Mark Streit.
11:50 of 2nd period - Wrist shot by James Van Riemsdyk.
11:50 of 2nd period - Shot Misses the Net.
11:52 of 2nd period - Snap shot by Kris Vernarsky.
11:52 of 2nd period - Stopped by Cam Ward without a rebound.
11:53 of 2nd period - Frans Nielsen wins face-off versus Antoine Vermette in Sharks zone.
12:02 of 2nd period - Wrist shot by Frans Nielsen.
12:02 of 2nd period - Deflect By David Jones.
12:02 of 2nd period - Stopped by Cam Ward without a rebound.
12:03 of 2nd period - Frans Nielsen wins face-off versus Antoine Vermette in Sharks zone.
12:10 of 2nd period - Snap shot by Alexander Steen.
12:10 of 2nd period - Stopped by Cam Ward without a rebound.
12:11 of 2nd period - David Legwand wins face-off versus Adam Burish in Sharks zone.
12:16 of 2nd period - Snap shot by Ryan Kesler.
12:16 of 2nd period - Deflect By Alexander Ovechkin.
12:16 of 2nd period - Shot Blocked by Mike Green.
12:16 of 2nd period - Puck is out of play.
12:17 of 2nd period - David Legwand wins face-off versus Ryan Kesler in Sharks zone.
12:17 of 2nd period - David Legwand is hit by Alexander Ovechkin.
12:56 of 2nd period - Minor Penalty to James Van Riemsdyk for Tripping.
12:57 of 2nd period - Ryan Kesler wins face-off versus David Legwand in Predators zone.
13:11 of 2nd period - Wrist shot by Brad Boyes.
13:11 of 2nd period - Shot Blocked by Ryan Mcdonagh.
13:13 of 2nd period - Backhand shot by Brad Boyes.
13:13 of 2nd period - Stopped by Steve Mason with a rebound.
14:56 of 2nd period - Penalty to James Van Riemsdyk is over, James Van Riemsdyk is back on ice.
15:03 of 2nd period - Icing by Mark Streit.
15:04 of 2nd period - Greg Campbell wins face-off versus Shane Doan in Sharks zone.
15:15 of 2nd period - Wrist shot by Greg Campbell.
15:15 of 2nd period - Stopped by Steve Mason without a rebound.
15:16 of 2nd period - Greg Campbell wins face-off versus Frans Nielsen in Predators zone.
15:21 of 2nd period - Snap shot by Oskar Osala.
15:21 of 2nd period - Shot Misses the Net.
15:24 of 2nd period - Icing by Brett Clark.
15:25 of 2nd period - Greg Campbell wins face-off versus Frans Nielsen in Predators zone.
15:26 of 2nd period - Snap shot by Martin Erat.
15:26 of 2nd period - Stopped by Steve Mason with a rebound.
15:49 of 2nd period - Minor Penalty to Barret Jackman for Slashing.
15:50 of 2nd period - David Legwand wins face-off versus Ryan Kesler in Predators zone.
15:54 of 2nd period - Slapshot by Kevin Shattenkirk.
15:54 of 2nd period - Shot Blocked by Alexander Edler.
15:56 of 2nd period - Wrist shot by David Legwand.
15:56 of 2nd period - Shot Misses the Net.
15:58 of 2nd period - Wrist shot by Derek Boogaard.
15:58 of 2nd period - Stopped by Steve Mason without a rebound.
15:59 of 2nd period - David Legwand wins face-off versus Ryan Kesler in Predators zone.
16:10 of 2nd period - Slapshot by Kevin Shattenkirk.
16:10 of 2nd period - Shot Misses the Net.
16:12 of 2nd period - Backhand shot by David Legwand.
16:12 of 2nd period - Shot Misses the Net.
16:14 of 2nd period - Slapshot by Mike Green.
16:14 of 2nd period - Stopped by Steve Mason without a rebound.
16:15 of 2nd period - David Legwand wins face-off versus Ryan Kesler in Predators zone.
17:49 of 2nd period - Penalty to Barret Jackman is over, Barret Jackman is back on ice.
18:07 of 2nd period - Ryan Kesler is hit by Martin Erat and loses puck.
18:42 of 2nd period - Icing by Andy Miele.
18:43 of 2nd period - David Legwand wins face-off versus David Jones in Predators zone.
18:43 of 2nd period - Minor Penalty to Steve McCarthy for Holding.
18:44 of 2nd period - Ryan Kesler wins face-off versus Greg Campbell in Sharks zone.
18:45 of 2nd period - Snap shot by Alexander Ovechkin.
18:45 of 2nd period - Stopped by Cam Ward with a rebound.
18:49 of 2nd period - Snap shot by Alexander Ovechkin.
18:49 of 2nd period - Goal by Alexander Ovechkin - Sharks : 3 - Predators : 2.
18:50 of 2nd period - Ryan Kesler wins face-off versus David Legwand in neutral zone.
19:05 of 2nd period - Wrist shot by Ryan Kesler.
19:05 of 2nd period - Shot Blocked by Kevin Shattenkirk.
19:07 of 2nd period - Wrist shot by Alexander Ovechkin.
19:07 of 2nd period - Shot Misses the Net.
19:17 of 2nd period - Frans Nielsen is hit by Mike Green and loses puck.
19:22 of 2nd period - Wrist shot by Antoine Vermette.
19:22 of 2nd period - Stopped by Steve Mason without a rebound.
19:23 of 2nd period - Frans Nielsen wins face-off versus Antoine Vermette in Predators zone.
19:30 of 2nd period - Wrist shot by David Jones.
19:30 of 2nd period - Stopped by Cam Ward with a rebound.
19:32 of 2nd period - Slapshot by Christian Ehrhoff.
19:32 of 2nd period - Stopped by Cam Ward with a rebound.
Goals for this period are 1 for Sharks vs 1 for Predators.
Shots for this period are 13 for Sharks vs 9 for Predators.
3rd period
0:01 of 3rd period - David Legwand wins face-off versus Alexander Ovechkin in neutral zone.
0:10 of 3rd period - Slapshot by Brad Boyes.
0:10 of 3rd period - Goal by Brad Boyes - Sharks : 4 - Predators : 2.
0:10 of 3rd period - Maxime Daigneault enters game.
0:11 of 3rd period - Ryan Kesler wins face-off versus David Legwand in neutral zone.
0:28 of 3rd period - Ryan Kesler is hit by Brad Boyes.
1:09 of 3rd period - Slapshot by John Moore.
1:09 of 3rd period - Stopped by Cam Ward without a rebound.
1:10 of 3rd period - Tuomo Ruutu wins face-off versus Ryan Kesler in Sharks zone.
1:46 of 3rd period - Snap shot by T.J. Hensick.
1:46 of 3rd period - Shot Blocked by Barret Jackman.
2:53 of 3rd period - Slapshot by James Van Riemsdyk.
2:53 of 3rd period - Shot Misses the Net.
2:55 of 3rd period - Snap shot by Shane Doan.
2:55 of 3rd period - Stopped by Cam Ward with a rebound.
2:57 of 3rd period - Wrist shot by Shane Doan.
2:57 of 3rd period - Stopped by Cam Ward without a rebound.
2:58 of 3rd period - Ryan Kesler wins face-off versus David Legwand in Sharks zone.
3:27 of 3rd period - Icing by Cal Clutterbuck.
3:28 of 3rd period - Antoine Vermette wins face-off versus Frans Nielsen in Sharks zone.
3:33 of 3rd period - Cal Clutterbuck is hit by Frans Nielsen and loses puck.
3:50 of 3rd period - Snap shot by Frans Nielsen.
3:50 of 3rd period - Stopped by Cam Ward with a rebound.
4:01 of 3rd period - Minor Penalty to Cal Clutterbuck for Hooking.
4:02 of 3rd period - Ryan Kesler wins face-off versus Greg Campbell in Sharks zone.
4:12 of 3rd period - Slapshot by Ryan Kesler.
4:12 of 3rd period - Stopped by Cam Ward without a rebound.
4:13 of 3rd period - Greg Campbell wins face-off versus Ryan Kesler in Sharks zone.
4:57 of 3rd period - Snap shot by Mark Streit.
4:57 of 3rd period - Deflect By Ryane Clowe.
4:57 of 3rd period - Stopped by Maxime Daigneault without a rebound.
4:58 of 3rd period - Ryan Kesler wins face-off versus Antoine Vermette in Predators zone.
4:58 of 3rd period - Ryan Kesler is hit by Kevin Shattenkirk.
5:33 of 3rd period - Slapshot by John Moore.
5:33 of 3rd period - Deflect By James Van Riemsdyk.
5:33 of 3rd period - Stopped by Cam Ward without a rebound.
5:34 of 3rd period - Ryan Kesler wins face-off versus Antoine Vermette in Sharks zone.
5:35 of 3rd period - Wrist shot by Alexander Ovechkin.
5:35 of 3rd period - Deflect By Adam Burish.
5:35 of 3rd period - Stopped by Cam Ward with a rebound.
6:01 of 3rd period - Penalty to Cal Clutterbuck is over, Cal Clutterbuck is back on ice.
6:11 of 3rd period - Wrist shot by Cal Clutterbuck.
6:11 of 3rd period - Shot Misses the Net.
6:13 of 3rd period - Snap shot by Cal Clutterbuck.
6:13 of 3rd period - Shot Misses the Net.
6:29 of 3rd period - Wrist shot by Antoine Vermette.
6:29 of 3rd period - Shot Blocked by Ryan Mcdonagh.
6:31 of 3rd period - Slapshot by Steve McCarthy.
6:31 of 3rd period - Shot Misses the Net.
6:33 of 3rd period - Slapshot by Ryane Clowe.
6:33 of 3rd period - Stopped by Maxime Daigneault with a rebound.
6:35 of 3rd period - Wrist shot by Cal Clutterbuck.
6:35 of 3rd period - Stopped by Maxime Daigneault with a rebound.
6:37 of 3rd period - Wrist shot by Antoine Vermette.
6:37 of 3rd period - Stopped by Maxime Daigneault without a rebound.
6:38 of 3rd period - Ryan Kesler wins face-off versus David Legwand in Predators zone.
7:17 of 3rd period - Slapshot by T.J. Hensick.
7:17 of 3rd period - Shot Misses the Net.
7:33 of 3rd period - Snap shot by Andy Miele.
7:33 of 3rd period - Deflect By Michael Grabner.
7:33 of 3rd period - Shot Misses the Net.
7:33 of 3rd period - Puck is out of play.
7:34 of 3rd period - Ryan Kesler wins face-off versus David Legwand in Sharks zone.
7:45 of 3rd period - Wrist shot by Alexander Ovechkin.
7:45 of 3rd period - Shot Blocked by Boris Valabik.
8:26 of 3rd period - Wrist shot by Andy Miele.
8:26 of 3rd period - Shot Misses the Net.
8:42 of 3rd period - Mike Green is hit by Ryan Mcdonagh and loses puck.
8:59 of 3rd period - Brad Boyes is hit by James Van Riemsdyk and loses puck.
11:16 of 3rd period - Snap shot by T.J. Hensick.
11:16 of 3rd period - Deflect By Patrick O'Sullivan.
11:16 of 3rd period - Stopped by Maxime Daigneault with a rebound.
12:06 of 3rd period - Slapshot by Brett Clark.
12:06 of 3rd period - Stopped by Cam Ward without a rebound.
12:07 of 3rd period - Ryan Kesler wins face-off versus Antoine Vermette in Sharks zone.
12:15 of 3rd period - Off-side.
12:16 of 3rd period - Alexander Ovechkin wins face-off versus Antoine Vermette in neutral zone.
12:27 of 3rd period - Wrist shot by Alexander Ovechkin.
12:27 of 3rd period - Stopped by Cam Ward without a rebound.
12:28 of 3rd period - David Legwand wins face-off versus Ryan Kesler in Sharks zone.
12:28 of 3rd period - Mike Green is hit by Ryan Mcdonagh and loses puck.
12:39 of 3rd period - Backhand shot by Alexander Ovechkin.
12:39 of 3rd period - Shot Blocked by David Legwand.
12:41 of 3rd period - Snap shot by Alexander Ovechkin.
12:41 of 3rd period - Stopped by Cam Ward without a rebound.
12:42 of 3rd period - Antoine Vermette wins face-off versus Ryan Kesler in Sharks zone.
12:42 of 3rd period - Antoine Vermette is hit by Adam Burish.
13:05 of 3rd period - Icing by Kevin Shattenkirk.
13:06 of 3rd period - Antoine Vermette wins face-off versus Frans Nielsen in Sharks zone.
13:37 of 3rd period - Wrist shot by Oskar Osala.
13:37 of 3rd period - Stopped by Maxime Daigneault with a rebound.
13:39 of 3rd period - Slapshot by Kevin Shattenkirk.
13:39 of 3rd period - Stopped by Maxime Daigneault with a rebound.
14:38 of 3rd period - Wrist shot by T.J. Hensick.
14:38 of 3rd period - Stopped by Maxime Daigneault without a rebound.
14:39 of 3rd period - Ryan Kesler wins face-off versus David Legwand in Predators zone.
15:29 of 3rd period - Michael Grabner is hit by Oskar Osala and loses puck.
16:06 of 3rd period - Wrist shot by Alexander Edler.
16:06 of 3rd period - Shot Blocked by Mark Streit.
16:39 of 3rd period - Icing by Michael Grabner.
16:40 of 3rd period - Greg Campbell wins face-off versus Andy Miele in Predators zone.
16:51 of 3rd period - Slapshot by Kevin Shattenkirk.
16:51 of 3rd period - Shot Blocked by Ryan Mcdonagh.
17:36 of 3rd period - Minor Penalty to Cal Clutterbuck for High sticking.
17:37 of 3rd period - Greg Campbell wins face-off versus Ryan Kesler in Sharks zone.
17:37 of 3rd period - Greg Campbell is hit by Ryan Kesler.
18:24 of 3rd period - James Van Riemsdyk is hit by Mark Streit and loses puck.
18:39 of 3rd period - Backhand shot by Kevin Shattenkirk.
18:39 of 3rd period - Shot Misses the Net.
18:46 of 3rd period - Icing by Christian Ehrhoff.
18:47 of 3rd period - Antoine Vermette wins face-off versus Frans Nielsen in Predators zone.
18:56 of 3rd period - James Van Riemsdyk is hit by Kevin Shattenkirk and loses puck.
19:13 of 3rd period - Slapshot by Frans Nielsen.
19:13 of 3rd period - Stopped by Cam Ward with a rebound.
19:15 of 3rd period - Slapshot by John Moore.
19:15 of 3rd period - Stopped by Cam Ward without a rebound.
19:16 of 3rd period - Greg Campbell wins face-off versus Ryan Kesler in Sharks zone.
19:36 of 3rd period - Penalty to Cal Clutterbuck is over, Cal Clutterbuck is back on ice.
Goals for this period are 1 for Sharks vs 0 for Predators.
Shots for this period are 9 for Sharks vs 12 for Predators.
Back to the Top